cohdb
Replays
Latest Replays
All Replays
Popular Replays
Top Player Replays
Match Explorer
How It Works
Community
CoH3 Stats
Reddit
Sign in to upload your games and track your stats! →
Sign in with Steam
Match 40795981
Unlisted
Match 40795981
Overview
Messages
Build Orders
End
Construct Weapon Support Center
Selects Airborne Battlegroup
Engineer Squad
M1919 Machine Gun Team
Selects Pathfinders
M1919 Machine Gun Team
Engineer Squad
Air Support Center
Grasshopper Recon Run
P-47 Strafing Run
M3 Armored Personnel Carrier
Selects Recon Loiter
Selects Paratrooper Squad Paradrop
Paratrooper Squad Paradrop
Grasshopper Recon Run
Construct Motor Pool
Selects Recon Loiter
Selects Supply Drop
P-47 Strafing Run
Supply Drop
Paratrooper Squad Paradrop
Grasshopper Recon Run
P-47 Strafing Run
Supply Drop
M8 Greyhound Armored Car
.30 cal Machine Gun
Grasshopper Recon Run
P-47 Strafing Run
Paratrooper Squad Paradrop
P-47 Dive Bomb
Supply Drop
Construct Tank Depot
Grasshopper Recon Run
Recon Loiter
P-47 Dive Bomb
P-47 Strafing Run
M4A1 Sherman Medium Tank
Supply Drop
Grasshopper Recon Run
Selects Carpet Bombing Run
Carpet Bombing Run
M4A1 Sherman Medium Tank
Grasshopper Recon Run
P-47 Dive Bomb
Engineer Squad
Supply Drop
M4A1 Sherman Medium Tank
Grasshopper Recon Run
Supply Drop
SandiPon
Tamplar_kaz
Buck
1Tap.com
The sexy Ginger
彡★🔻SALADIN🔻★彡
MSZW
EL-Z3AMA 5:40
0
0
Comments
sign in to comment!
No comments posted yet!